 Dungeon Crawl Stone Soup version 0.30-a0-782-ge64f9170bb (webtiles) character file.

Game seed: 8753284399887108503

36 112233 the Sneak (level 3, -5/31 HPs)
             Began as an Octopode Air Elementalist on Feb 25, 2023.
             Killed from afar by Sigmund (13 damage)
             ... with a puff of flame
             ... on level 2 of the Dungeon.
             The game lasted 00:01:17 (1288 turns).

112233 the Sneak (Octopode Air Elementalist)        Turns: 1288, Time: 00:01:17

Health: -5/31      AC:  1    Str:  7    XL:     3   Next: 37%
Magic:  0/6        EV: 13    Int: 19    God:
Gold:   77         SH:  0    Dex: 12    Spells: 3/6 levels left

rFire   . . .      SeeInvis .    b - +0 club
rCold   . . .      Faith    .    (no shield)
rNeg    . . .      Spirit   .    (helmet restricted)
rPois   +          Reflect  .    (no amulet)
rElec   .          Harm     .    c - ring of poison resistance
rCorr   .          Rampage  .    (no ring)
Will    .....                    (no ring) Stlth
                                 (no ring)
HPRegen 0.25/turn                (no ring)
MPRegen 0.10/turn                (no ring)
                                 (no ring)
                                 (no ring)

@: confused, berserking, attractive, very slightly contaminated, very quick
A: almost no armour, amphibious, 8 rings, camouflage 1, gelatinous body 1,
(nimble swimmer 1), tentacles
a: no special abilities


You were on level 2 of the Dungeon.
You visited 1 branch of the dungeon, and saw 2 of its levels.

You collected 77 gold pieces.

Inventory:

Hand Weapons
 b - a +0 club (weapon)
Jewellery
 c - a ring of poison resistance (left tentacle)
Scrolls
 d - a scroll of identify {unknown}
 f - a scroll of fear {unknown}
 i - a scroll of noise {unknown}
Potions
 a - a potion of magic
 h - a potion of flight {unknown}


   Skills:
 + Level 2.3 Dodging
 + Level 3.3 Stealth
 + Level 2.3 Spellcasting
 + Level 1.5 Conjurations
 + Level 3.3 Air Magic


You had 3 spell levels left.
You knew the following spells:

 Your Spells              Type           Power      Damage    Failure   Level
a - Shock                 Conj/Air       44%        1d5       6%          1
b - Static Discharge      Conj/Air       22%        2-3/arc   9%          2

Your spell library contained the following spells:

 Spells                   Type           Power      Damage    Failure   Level
 Swiftness                Air            14%        N/A       13%         3
 Airstrike                Air            7%         2d(1-17)  38%         4


Dungeon Overview and Level Annotations

Branches:
Dungeon (2/15)

Altars:

Annotations:
D:2 Sigmund


Innate Abilities, Weirdness & Mutations

You cannot wear most types of armour.
You are amphibious.
You can wear up to eight rings at the same time.
Your skin changes colour to match your surroundings (Stealth+).
Your rubbery body absorbs attacks. (AC +1, EV +1)
((You are camouflaged when in or above water. (Stealth+)))
You have tentacles for arms and can constrict up to eight enemies at once.


Message History

Press: ? - help, Shift-Dir - straight line, f/p - Sigmund
Aim: Sigmund, wielding a +0 scythe and wearing a +0 robe (lightly wounded, 64% to hit)
The zap misses Sigmund.
Sigmund casts a spell at you. The magic dart hits you!
Sigmund is nearby!
Casting: Shock (safe; 6% risk of failure)
Confirm with . or Enter, or press ? or * to list all spells.
Aiming: Shock (safe; 6% risk of failure)
Press: ? - help, Shift-Dir - straight line, f/p - Sigmund
Aim: Sigmund, wielding a +0 scythe and wearing a +0 robe (lightly wounded, 64% to hit)
The zap hits Sigmund.
Sigmund is moderately wounded.
Sigmund closely misses you.
It was a potion of attraction.
You feel attractive to monsters. Sigmund is attracted toward you.
Unknown command.
Casting: Shock (safe; 6% risk of failure)
Confirm with . or Enter, or press ? or * to list all spells.
You miscast Static Discharge.
You are very lightly contaminated with residual magic.
Nothing appears to happen.
Sigmund points at you and mumbles some strange words.
The puff of flame hits you!
* * * LOW HITPOINT WARNING * * *
Unknown command.
Unknown command.
It was a potion of berserk rage.
A red film seems to cover your vision as you go berserk!
You feel yourself moving faster!
You feel mighty! Sigmund casts a spell at you.
You are confused.
You are too berserk!
Unknown command.
You thump Sigmund!
Sigmund is almost dead.
Sigmund gestures at you while chanting. The puff of flame hits you!
You die...

########....#
#...<..#
#.#....#
#.#....# .
#....# ##
####.# #.#
###.########..#
#.).....@@....#
###########...#
.#


You could see Sigmund.

Vanquished Creatures
  5 endoplasms (D:1)
  3 giant cockroaches (D:1)
  4 goblins (D:1)
  6 hobgoblins (D:1)
  A quokka (D:1)
  3 ball pythons (D:1)
  2 bats (D:1)
  2 kobolds
  5 rats (D:1)
31 creatures vanquished.

Notes
Turn   | Place    | Note
-------+----------+-------------------------------------------
     0 | D:1      | 112233 the Octopode Air Elementalist began the quest for
                  | the Orb.
     0 | D:1      | Reached XP level 1. HP: 11/11 MP: 3/3
   220 | D:1      | Reached XP level 2. HP: 17/17 MP: 1/5
   429 | D:1      | Found a faded altar of an unknown god.
   720 | D:1      | Reached XP level 3. HP: 21/21 MP: 2/6
   901 | D:1      | Learned a level 2 spell: Static Discharge
  1279 | D:2      | Noticed Sigmund
  1288 | D:2      | Killed from afar by Sigmund

Illustrated notes

Levels and vault maps discovered:
D:1:      minmay_arrival_loop, layout_basic,
          ebering_ecumenical_altar_sacrificial
D:2:      layout_basic, eino_tiny_chamber, minmay_tree_intersection,
          uniq_sigmund

Skill      XL: |  1  2 |
---------------+-------+-----
Stealth        | 3 |  3.3
Dodging        | |  2.3
Spellcasting   | |  2.3
Conjurations   | |  1.5
Air Magic      | |  3.3

Action                     || total
---------------------------++-------
  Melee: Unarmed           ||     6
         Club              ||    10
         Tentacles         ||     6
         Constrict         ||     4
   Cast: Shock             ||    58
    Use: Potion            ||     2
 Armour: Skin              ||     1
  Dodge: Dodged            ||    12

Table legend: (Time is in decaauts)
 A = Elapsed time spent in this place.
 B = Non-inter-level travel time spent in this place.
 C = Inter-level travel time spent in this place.
 D = Time resting spent in this place.
 E = Time spent auto-exploring this place.
 F = Levels seen in this place.
 G = Mean time per level.
                   A        B        C        D        E       F      G
               +--------+--------+--------+--------+--------+-----+--------+
         Total |   1289 |   1246 |     43 |      0 |   1090 |   2 |  644.5 |
       Dungeon |   1289 |   1246 |     43 |      0 |   1090 |   2 |  644.5 |
               +--------+--------+--------+--------+--------+-----+--------+

Top non-repeatable levels by time:
     D:1: 1205 daAuts
     D:2: 83 daAuts
